 Dungeon Crawl Stone Soup version 0.16.1-2-g95b8d4c (webtiles) character file.

802 Chronobunny the Skirmisher (level 7, 0/66 HPs)
             Began as a Minotaur Berserker on Mar 24, 2015.
             Was an Elder of Trog.
             Succumbed to a worker ant's poison
             ... on level 5 of the Dungeon.
             The game lasted 00:26:16 (3897 turns).

Chronobunny the Skirmisher (Minotaur Berserker)     Turns: 3897, Time: 00:26:16

Health: 0/66       AC: 15    Str: 23    XL:     7   Next: 59%
Magic:  3/3        EV:  5    Int:  4    God:    Trog [****..]
Gold:   214        SH:  8    Dex: 10    Spells: 0 memorised, 6 levels left

rFire  . . .     SeeInvis .     p - +0 war axe
rCold  . . .     Clarity  .     u - +0 plate armour
rNeg   . . .     SustAb   .     q - +0 shield
rPois  .         Gourm    .     (helmet restricted)
rElec  .         Spirit   .     t - +1 cloak
rCorr  .         Warding  .     (no gloves)
rMut   .         Stasis   .     (no boots)
MR     ++...                    (no amulet)
Stlth  ..........               (no ring)
                                e - -2 ring of slaying (curse)

@: lethally poisoned (0 -> -1), exhausted, regenerating, slowed, very slow, very
resistant to hostile enchantments, extremely unstealthy
A: retaliatory headbutt, horns 2
a: Burn Spellbooks, Berserk, Trog's Hand, Brothers in Arms, Renounce Religion


You were on level 5 of the Dungeon.
You worshipped Trog.
Trog was greatly pleased with you.
You were not hungry.

You visited 1 branch of the dungeon, and saw 5 of its levels.

You collected 214 gold pieces.

Inventory:

Hand weapons
 m - a +2 hand axe of electrocution
 p - a +0 war axe (weapon)
Armour
 q - a +0 shield (worn)
 t - a +1 cloak (worn)
 u - a +0 plate armour (worn)
Jewellery
 e - a cursed -2 ring of slaying (left hand)
Magical devices
 w - a wand of slowing (28)
Scrolls
 b - a scroll of fear {unknown}
 f - 2 scrolls of identify {unknown}
 g - 2 scrolls of random uselessness {unknown}
 h - a scroll of teleportation {unknown}
 i - 3 scrolls of recharging {unknown}
 n - 4 scrolls of remove curse {unknown}
Potions
 a - a potion of curing {unknown}
 d - a potion of ambrosia {unknown}
 k - a potion of cancellation {unknown}
 l - a potion of degeneration {unknown}
 o - a potion of restore abilities {unknown}
 r - a potion of poison
 s - a potion of haste {unknown}
 v - a potion of resistance
Comestibles
 c - 5 bread rations


   Skills:
 * Level 7.0 Fighting
 + Level 1.9(3.3) Axes
   Level 4.3(4.5) Polearms
 * Level 6.5 Armour
 + Level 4.1 Dodging
 + Level 1.7 Shields


You had 6 spell levels left.
You didn't know any spells.

Dungeon Overview and Level Annotations

Branches:
Dungeon (5/15)
 Temple: D:4-7

Altars:
Dithmenos
Makhleb


Innate Abilities, Weirdness & Mutations

You reflexively headbutt those who attack you in melee.
You have a pair of horns on your head.


Message History

* * * LOW HITPOINT WARNING * * *
You feel sick.
You feel a strong urge to attack something.
* * * LOW HITPOINT WARNING * * *
You feel sick.
You are too berserk!
* * * LOW HITPOINT WARNING * * *
You feel sick.
You are too berserk!
You feel your anger subside.
You are no longer berserk.
You are exhausted.
You feel yourself slow down.
* * * LOW HITPOINT WARNING * * *
You feel sick.
Use which ability? (? or * to list)
Your skin crawls.
You feel resistant to hostile enchantments.
You feel slightly more hungry.
You die...

##†...## #.# #......# #.#
#......# ########.# ##...###
#..#....<. ############...#
#....>####
...............#### #.###.#
#########....)....#####.###.#
#...........))......#
#.....†@..#####.#####
####..)#### #.#
#.....(......# #...##########
#####


There were no monsters in sight!

Vanquished Creatures
  The ghost of Xoff the Skirmisher, an average MiFi (D:3)
  Duvessa (D:5)
  A scorpion (D:4)
  Dowan (D:5)
  5 orc priests
  2 hounds (D:4)
  4 orc wizards
  A worker ant (D:5)
  Ijyb (D:5)
  9 adders
  A shadow imp (D:5)
  2 worms (D:2)
  An elf zombie (D:5)
  2 oozes (D:4)
  15 orcs
  7 bats
  A bat skeleton (D:4)
  4 giant cockroaches
  8 goblins
  9 hobgoblins
  3 jackals (D:2)
  2 quokkas
  4 ball pythons
  3 giant newts
  A jackal skeleton (D:4)
  8 kobolds
  13 rats
110 creatures vanquished.

Notes
Turn   | Place    | Note
--------------------------------------------------------------
     0 | D:1      | Chronobunny, the Minotaur Berserker, began the quest for the Orb.
     0 | D:1      | Reached XP level 1. HP: 19/19 MP: 1/1
    84 | D:1      | Reached skill level 4 in Polearms
   200 | D:1      | Reached XP level 2. HP: 27/27 MP: 1/1
   560 | D:1      | Acquired Trog's second power
   744 | D:2      | Reached XP level 3. HP: 31/34 MP: 2/2
  1297 | D:2      | Reached XP level 4. HP: 39/41 MP: 2/2
  1380 | D:3      | Noticed Xoff's ghost (average MiFi)
  1402 | D:3      | Killed Xoff's ghost
  1402 | D:3      | Reached skill level 5 in Fighting
  1402 | D:3      | Reached XP level 5. HP: 36/48 MP: 2/2
  2107 | D:3      | Found a burning altar of Makhleb.
  2107 | D:3      | Noticed a cacodemon
  2318 | D:3      | Noticed a neqoxec
  2318 | D:3      | Noticed a neqoxec
  2362 | D:3      | Reached XP level 6. HP: 57/57 MP: 3/3
  2566 | D:4      | Reached skill level 6 in Fighting
  2570 | D:4      | Found a shadowy altar of Dithmenos.
  2845 | D:4      | Reached skill level 5 in Armour
  2845 | D:4      | Reached skill level 1 in Shields
  3136 | D:4      | Acquired Trog's third power
  3147 | D:4      | Reached skill level 1 in Axes
  3147 | D:4      | Reached XP level 7. HP: 62/64 MP: 3/3
  3512 | D:5      | Entered Level 5 of the Dungeon
  3763 | D:5      | Noticed Duvessa
  3766 | D:5      | Noticed Dowan
  3774 | D:5      | Killed Duvessa
  3798 | D:5      | Killed Dowan
  3839 | D:5      | Noticed Ijyb
  3891 | D:5      | Killed Ijyb
  3892 | D:5      | Reached skill level 7 in Fighting
  3894 | D:5      | HP: 3/99 [poisoned by a worker ant]
  3897 | D:5      | Succumbed to a worker ant's poison

Action                   |  1- 3 |  4- 6 |  7- 9 || total
-------------------------+-------+-------+-------++-------
Melee: Spear             |    79 |    12 |       ||    91
       War axe           |       |   112 |    97 ||   209
       Hand axe          |       |    23 |       ||    23
Invok: Berserk           |       |     3 |     1 ||     4
       Burn Spellbooks   |       |     1 |       ||     1
       Trog's Hand       |       |       |     1 ||     1
  Use: Potion            |       |       |     1 ||     1
  Eat: Chunk             |       |     8 |       ||     8
       Pizza             |       |     1 |       ||     1
       Meat ration       |       |       |     1 ||     1
